 Dungeon Crawl Stone Soup version 0.29.1-1-gd02db6906a (webtiles) character file.

Game seed: 2885495821952093056

55 GigaChad the Magician (level 3, -6/19 HPs)
             Began as a Deep Elf Conjurer on Sept 29, 2022.
             Mangled by a gnoll
             ... wielding a +1 halberd of flaming
              (14 damage)
             ... on level 2 of the Dungeon.
             The game lasted 00:02:09 (1017 turns).

GigaChad the Magician (Deep Elf Conjurer)           Turns: 1017, Time: 00:02:10

Health: -6/19      AC:  2    Str:  4    XL:     3   Next: 67%
Magic:  3/11       EV: 12    Int: 24    God:
Gold:   93         SH:  0    Dex: 13    Spells: 11/12 levels left

rFire   . . .      SeeInvis .   (no weapon)
rCold   . . .      Faith    .   (no shield)
rNeg    . . .      Spirit   .   a - +0 robe
rPois   .          Reflect  .   (no helmet)
rElec   .          Harm     .   (no cloak)
rCorr   .          Rampage  .   (no gloves)
Will    .....                   (no boots)
Stlth   ++........              (no amulet)
HPRegen 0.06/turn               (no ring)
MPRegen 0.12/turn               (no ring)

@: no status effects
A: no striking features
a: no special abilities


You were on level 2 of the Dungeon.
You visited 1 branch of the dungeon, and saw 2 of its levels.

You collected 93 gold pieces.

Inventory:

Missiles
 c - 8 poisoned darts
Armour
 a - a +0 robe (worn)
Jewellery
 f - a ring of poison resistance
Scrolls
 d - a scroll of identify {unknown}
 e - a scroll of silence {unknown}
 i - a scroll of enchant weapon {unknown}
 j - a scroll of vulnerability {unknown}
Potions
 b - a potion of magic
 h - a potion of brilliance {unknown}


   Skills:
 - Level 2.4 Dodging
 - Level 2.4 Stealth
 + Level 5.1 Spellcasting
 - Level 4.8 Conjurations


You had 11 spell levels left.
You knew the following spells:

 Your Spells              Type           Power      Damage    Failure   Level
a - Magic Dart            Conj           100%       1d8       1%          1

Your spell library contained the following spells:

 Spells                   Type           Power      Damage    Failure   Level
 Searing Ray              Conj           58%        2d6       1%          2
 Sting                    Tmut/Pois      24%        1d4       9%          1
 Dazzling Flash           Conj/Hex       34%        N/A       10%         3
 Poisonous Vapours        Pois/Air       12%        N/A       13%         2
 Fulminant Prism          Conj/Hex       8%         3d7       32%         4
 Iskenderun's Mystic Bla  Conj/Tloc      17%        2d5       32%         4
 Olgreb's Toxic Radiance  Pois           6%         N/A       65%         4


Dungeon Overview and Level Annotations

Branches:
Dungeon (2/15)

Altars:

Shops:
D:1 (


Message History

The adder hisses angrily.
You hear a shout!
The magic dart hits the gnoll.
The gnoll is heavily wounded.
The magic dart hits the gnoll.
The gnoll is almost dead.
The gnoll hits you from afar with a +0 spear.
The magic dart hits the adder.
The adder is heavily wounded.
The adder bites you.
You are poisoned.
The adder poisons you!
A gnoll comes into view. It is wielding a +1 halberd of flaming.
The gnoll hits you from afar with a +0 spear!
* * * LOW HITPOINT WARNING * * *
It was a potion of curing.
You feel better. The adder bites you. The gnoll barely misses you.
Unknown command.
A gnoll comes into view.
It is wielding a +1 whip of electrocution.
The adder completely misses you.
The magic dart hits the adder!
You kill the adder!
The gnoll completely misses you.
The magic dart hits the gnoll.
You kill the gnoll!
Your Spellcasting skill increases to level 5!
The magic dart hits the gnoll.
The gnoll is lightly wounded.
The gnoll closely misses you.
The magic dart hits the gnoll!
The gnoll is severely wounded.
The gnoll barely misses you.
The magic dart hits the gnoll but does no damage.
The gnoll is severely wounded.
The gnoll closely misses you.
The gnoll hits you with a +1 whip of electrocution!
You are too injured to fight recklessly!
You are too injured to fight recklessly!
The gnoll hits you from afar with a +1 halberd of flaming!
Ouch! That really hurt!
You die...

... #...#.# ###.... ...
...#.# ....#.. ....
##.#.#########.#.#
....##............#....
.#........#.#######.###.#
....###...........#......
#.#......................
......g.g#..#####.#.###.#
.#.#.###@#..# #.#.# #.# .
#.#..# #.#.. #.# #.#..#
#.##+##.# #.#..# #.# #.#
#.#..# #.. #. #.#..# ###
#.. ###


You could see 2 gnolls.

Vanquished Creatures
  An adder (D:2)
  2 gnolls
  A worm (D:2)
  2 dart slugs (D:1)
  4 ball pythons (D:1)
  2 bats (D:1)
  4 hobgoblins (D:1)
  A quokka (D:1)
  A kobold (D:1)
  5 rats (D:1)
23 creatures vanquished.

Notes
Turn   | Place    | Note
-------+----------+-------------------------------------------
     0 | D:1      | GigaChad the Deep Elf Conjurer began the quest for the Orb.
     0 | D:1      | Reached XP level 1. HP: 10/10 MP: 6/6
   212 | D:1      | Reached XP level 2. HP: 15/15 MP: 2/8
   539 | D:1      | Found Pil Qoih's Weapon Shoppe.
   664 | D:1      | Reached skill level 4 in Spellcasting
   766 | D:1      | Reached XP level 3. HP: 19/19 MP: 7/10
  1014 | D:2      | Reached skill level 5 in Spellcasting
  1017 | D:2      | Mangled by a gnoll

Illustrated notes

Levels and vault maps discovered:
D:1:      nicolae_arrival_memento_mori, layout_basic, serial_shops,
          nicolae_shop_bloodbath_and_beyond
D:2:      layout_basic, hex_medium, grunt_ministairs_13

Skill      XL: |  1  2  3 |
---------------+----------+-----
Spellcasting   | 4 5 |  5.1
Dodging        | |  2.4
Stealth        | |  2.4
Conjurations   | |  4.8

Action                   || total
-------------------------++-------
 Cast: Magic Dart        ||    51
  Use: Potion            ||     1
Armor: Robe              ||     1
Dodge: Dodged            ||     6
